Map: Triton LE

Players

Mez

  • Race: Terran Terran
  • League: Master
  • Spawn Location: 11:00

GoodLuckHave - Winner!

  • Race: Protoss Protoss
  • League: Master
  • Spawn Location: 5:00

VOD

Have the link to the VOD?

Description

Time

  • Played on: Sept. 9, 2019, 2:24 p.m.
  • Length: 4:12
Show
View Real Time Build Order
Export as new Build Order

Mez Terran 

Build Orders: Reaper Expand 

Get SALT Encoding   

  12  0:00  SCV  
  13  0:12  SCV  
  14  0:17  Supply Depot  
  14  0:25  SCV  
  15  0:38  SCV  
  15  0:40  Barracks  
  16  0:44  Refinery  
  16  0:50  SCV  
  17  1:03  SCV  
  18  1:15  SCV  
  19  1:28  Orbital Command, Reaper  
  20  1:44  Command Center  
  20  1:53  Bunker  
  20  1:55  SCV  
  20  1:59  Marine  
  22  2:03  Supply Depot  
  22  2:07  SCV  
  23  2:17  Factory  
  23  2:22  Barracks Reactor  
  23  2:25  SCV  
  24  2:37  SCV  
  24  2:45  Refinery  
  24  2:49  SCV  
  25  2:56  Orbital Command  
  25  2:59  Marine x2  
  25  3:01  SCV  
  25  3:03  Starport  
  28  3:09  Widow Mine  
  30  3:13  SCV  
  30  3:17  Marine x2  
  33  3:21  SCV  
  33  3:25  SCV  
  35  3:30  Widow Mine  
  35  3:33  SCV  
  38  3:35  Marine x2  
  38  3:38  SCV  
  41  3:46  SCV  
  41  3:47  Barracks  
  44  3:50  SCV  
  43  3:58  SCV  
  43  4:02  Factory Tech Lab  
  46  4:06  Engineering Bay  
  46  4:08  Supply Depot  
Show
View Real Time Build Order
Export as new Build Order

GoodLuckHave Protoss - Winner!

Build Orders: 1 Gate Expand 

Get SALT Encoding   

  12  0:01  Probe  
  13  0:13  Probe  
  14  0:18  Pylon  
  14  0:25  Probe  
  15  0:33  Probe  
  15  0:38  Gateway  
  15  0:41  Probe  
  16  0:46  Assimilator  
  17  0:52  Probe  
  18  1:04  Probe  
  19  1:16  Probe  
  20  1:27  Nexus  
  20  1:35  Cybernetics Core  
  20  1:36  Probe  
  21  1:43  Assimilator  
  21  1:54  Pylon, Probe  
  22  2:02  Probe, Adept  
  23  2:10  Probe  
  23  2:13  Warp Gate  
  26  2:21  Probe  
  26  2:33  Probe  
  27  2:40  Probe  
  27  2:43  Sentry  
  30  2:45  Probe  
  31  2:52  Probe  
  31  2:56  Probe  
  33  3:01  Robotics Facility  
  33  3:03  Gateway  
  33  3:04  Probe x2  
  34  3:12  Probe  
  35  3:14  Probe  
  35  3:15  Stalker  
  39  3:22  Probe  
  39  3:24  Pylon, Probe  
  41  3:31  Probe  
  42  3:36  Probe  
  43  3:43  Probe  
  45  3:48  Probe  
  45  3:52  Probe  
  44  4:00  Robotics Bay  
  44  4:02  Gateway  
  46  4:04  Assimilator  
  46  4:05  Sentry  
  46  4:08  Assimilator  
  49  4:10  Stalker  
Tags
 
Add a new tag
Caveats
  • Supply blocks, unpowered buildings, or Contaminate may cause inaccurate times.
  • Supply counts are checked every 10 seconds.